Map: Port Aleksander LE

Players

Special - Winner!

  • Race: Terran Terran
  • League: Master
  • Spawn Location: 11:00

TIME (Oliveira)

  • Race: Terran Terran
  • Spawn Location: 5:00

Event: 2019 WCS Spring

VOD

Have the link to the VOD?

Description

Time

  • Played on: May 17, 2019, 1:44 p.m.
  • Length: 5:05

All games in this series

Show
View Real Time Build Order
Export as new Build Order

Special Terran - Winner!

Build Orders: Hellion Opening 

Get SALT Encoding   

  12  0:00  SCV  
  13  0:12  SCV  
  14  0:18  Supply Depot  
  14  0:25  SCV  
  15  0:30  Refinery  
  15  0:40  SCV  
  16  0:45  Barracks  
  16  0:52  SCV  
  17  1:04  SCV  
  18  1:16  SCV  
  20  1:32  Reaper, Orbital Command  
  20  1:46  Command Center  
  20  1:57  Factory  
  20  2:01  SCV  
  21  2:09  Barracks Reactor  
  21  2:13  SCV  
  22  2:17  Supply Depot  
  22  2:20  Refinery  
  22  2:25  SCV  
  23  2:39  SCV  
  24  2:46  Starport  
  24  2:49  Hellion x2  
  28  2:52  SCV  
  29  2:58  Barracks Tech Lab  
  29  3:00  Orbital Command  
  33  3:12  Hellion  
  33  3:13  Hellion  
  33  3:18  Marauder  
  35  3:23  Medivac  
  35  3:26  Concussive Shells  
  37  3:31  Supply Depot  
  37  3:34  Hellion  
  37  3:38  Hellion  
  41  3:44  Marauder  
  41  3:47  SCV x2  
  45  3:54  Supply Depot  
  45  3:58  Hellion  
  45  4:01  Hellion  
  49  4:07  SCV x2  
  51  4:10  Viking  
  53  4:19  SCV x2  
  53  4:22  Hellion  
  57  4:24  Marauder  
  58  4:43  Hellion x2  
  62  4:52  SCV  
Show
View Real Time Build Order
Export as new Build Order

TIME Terran 

Build Orders: Gas First Reaper Expand, Liberator Opening 

Get SALT Encoding   

  12  0:00  SCV  
  13  0:12  SCV  
  14  0:18  Supply Depot  
  14  0:25  SCV  
  15  0:29  Refinery  
  15  0:39  SCV  
  16  0:45  Barracks  
  16  0:51  SCV  
  17  1:03  SCV  
  18  1:16  SCV  
  19  1:33  Reaper, Orbital Command  
  20  1:44  Command Center  
  20  1:57  Factory  
  20  2:00  SCV  
  21  2:07  Barracks Reactor  
  21  2:12  SCV  
  22  2:15  Supply Depot  
  22  2:17  Refinery  
  22  2:24  SCV  
  23  2:37  SCV  
  23  2:43  Starport  
  24  2:48  Hellion x2  
  24  2:49  SCV  
  29  2:56  Orbital Command  
  29  3:01  SCV  
  29  3:03  Liberator  
  30  3:09  Hellion  
  30  3:11  Hellion  
  34  3:13  SCV  
  35  3:22  SCV  
  35  3:25  SCV  
  40  3:29  Supply Depot  
  40  3:33  Hellion  
  42  3:38  Hellion  
  42  3:39  SCV  
  42  3:40  SCV  
  46  3:43  Barracks Tech Lab  
  46  3:48  Refinery  
  46  3:51  SCV  
  46  3:52  SCV  
  46  3:55  Supply Depot  
  48  4:03  SCV, Starport Tech Lab  
  48  4:07  Marine x2  
  52  4:14  Supply Depot  
  52  4:15  SCV  
  55  4:17  Cyclone  
  55  4:24  Viking  
  57  4:25  Marine x2  
  56  4:43  Marine x2  
  46  4:53  SCV  
Tags
 
Add a new tag
Caveats
  • Supply blocks, unpowered buildings, or Contaminate may cause inaccurate times.
  • Supply counts are checked every 10 seconds.